 Dungeon Crawl Stone Soup version 0.28.0-45-g0d030f2227 (webtiles) character file.

Game seed: 14473835811298675520

281 GigaChad the Covered (level 6, -10/56 HPs)
             Began as a Minotaur Fighter on Apr 14, 2022.
             Was an Initiate of Ashenzari.
             Mangled by an ogre
             ... wielding a +0 giant spiked club
              (13 damage)
             ... on level 4 of the Dungeon.
             The game lasted 00:09:19 (3303 turns).

GigaChad the Covered (Minotaur Fighter)             Turns: 3303, Time: 00:09:20

Health: -10/56     AC:  9    Str: 20    XL:     6   Next: 6%
Magic:  5/5        EV: 12    Int:  5    God:    Ashenzari [......]
Gold:   178        SH:  6    Dex: 18    Spells: 5/5 levels left

rFire   . . .      SeeInvis .   a - +0 long sword "Sorrow of Ashenzari" {Elem, Self} (curse)
rCold   . . .      Faith    .   c - +0 buckler
rNeg    . . .      Spirit   .   n - +0 chain mail
rPois   .          Reflect  .   (helmet restricted)
rElec   .          Harm     .   (no cloak)
rCorr   .          Rampage  .   (no gloves)
Will    .....                   (no boots)
Stlth   ..........              (no amulet)
HPRegen 0.18/turn               h - +6 ring of dexterity
MPRegen 0.09/turn               s - +4 ring of evasion

@: no status effects
A: horns 2, retaliatory headbutt
a: Renounce Religion, Curse Item, Shatter the Chains


You were on level 4 of the Dungeon.
You worshipped Ashenzari.
Ashenzari was noncommittal.
You visited 1 branch of the dungeon, and saw 4 of its levels.

You collected 178 gold pieces.

Inventory:

Hand Weapons
 a - the cursed +0 long sword "Sorrow of Ashenzari" (weapon) {Elem, Self}

   It has a curse which improves the following skills: Elements: Fire Magic, Ice
   Magic, Air Magic and Earth Magic.
   Introspection: Fighting and Spellcasting.
 o - a +0 quarterstaff
Missiles
 m - a throwing net (quivered)
 u - 42 bolts
 v - 55 arrows
Armour
 b - a +0 scale mail
 c - a +0 buckler (worn)
 n - a +0 chain mail (worn)
Magical Staves
 t - a staff of poison
Jewellery
 h - a +6 ring of dexterity (left hand)
 p - a ring of fire
 s - a +4 ring of evasion (right hand)
Scrolls
 e - 4 scrolls of identify
 j - 2 scrolls of enchant weapon
 l - a scroll of magic mapping {unknown}
 r - a scroll of fog {unknown}
 w - a scroll of blinking {unknown}
 y - a scroll of summoning {unknown}
Potions
 d - a potion of might
 f - 2 potions of resistance {unknown}
 g - a potion of haste {unknown}
 i - a potion of heal wounds {unknown}
 k - 2 potions of cancellation {unknown}
 q - 2 potions of curing {unknown}
 x - a potion of lignification {unknown}


   Skills:
 + Level 5.0(5.4) Fighting
 + Level 4.3 Long Blades
 + Level 5.4 Armour
 + Level 1.3 Dodging
 + Level 4.6 Shields


You had 5 spell levels left.
You didn't know any spells.
Your spell library contained the following spells:

 Spells                   Type           Power      Damage    Failure   Level
 Dazzling Flash           Conj/Hex       0%         N/A       100%        3
 Agony                    Necr           0%         N/A       100%        5
 Silence                  Hex/Air        0%         N/A       100%        5


Dungeon Overview and Level Annotations

Branches:
Dungeon (4/15)
 Temple: D:4-7

Altars:
Ashenzari
Yredelemnul


Innate Abilities, Weirdness & Mutations

You have a pair of horns on your head.
You reflexively headbutt those who attack you in melee.


Message History

Really remove and destroy the cursed +0 long sword "Sorrow of Ashenzari" {Elem, Self}?
Ashenzari will withdraw the offered vision and curse! [Y]es or [N]o only, please.
Really remove and destroy the cursed +0 long sword "Sorrow of Ashenzari" {Elem, Self}?
Ashenzari will withdraw the offered vision and curse!
Okay, then.
Found a whip.
HP restored.
You see here a +0 mace.
Things that are here:
a +0 dagger; a +0 robe; an orc corpse
Found a stone staircase leading down.
Found a scroll labelled YMNY MAICIHESO.
An adder and an ogre come into view.
Found a robe.
You block the adder's attack. The adder bites you.
You miss the adder. Your headbutt misses the adder.
The adder barely misses you. The adder bites you but does no damage.
You hit the adder. Your headbutt misses the adder.
The adder is moderately wounded.
The adder bites you. The adder bites you but does no damage.
You miss the adder.
The adder is moderately wounded.
You block the ogre's attack. You block the adder's attack.
You hit the adder.
The adder is severely wounded.
You block the adder's attack.
The ogre hits you with a +0 giant spiked club!!
The adder barely misses you.
You hear a shout!
You closely miss the adder.
The adder is severely wounded.
You hear a shout!
The ogre hits you with a +0 giant spiked club!!
* * * LOW HITPOINT WARNING * * *
You block the adder's attack.
You slash the adder!
You kill the adder!
The ogre barely misses you.
The ogre hits you with a +0 giant spiked club!
You die...

..... .... #
...#####.. ..[.#...#
.....?..# #........
###........ #
#..@......##
.#^###..O.......#
#..............# ..#
#..##..........##...##
. #.>........#.....#
###..##...##.....# .
## ##.#...###..... ..
... ...##....####....#
... ...##
....#.....##.#...#...


You could see an ogre.

Vanquished Creatures
  The ghost of pkoi the Insei, a weakling DgWr (D:3)
  An orc priest (D:4)
  An orc wizard (D:4)
  A hound skeleton (D:4)
  4 adders
  4 gnolls
  An ufetubus (D:4)
  A worm (D:2)
  A dart slug (D:3)
  9 orcs
  5 ball pythons
  8 endoplasms
  2 giant cockroaches
  6 goblins
  7 hobgoblins
  4 jackals
  7 kobolds
  2 quokkas
  2 ball python zombies (D:3)
  6 bats
  2 frilled lizards
  5 rats
80 creatures vanquished.

Notes
Turn   | Place    | Note
-------+----------+-------------------------------------------
     0 | D:1      | GigaChad the Minotaur Fighter began the quest for the Orb.
     0 | D:1      | Reached XP level 1. HP: 19/19 MP: 0/0
   322 | D:1      | Reached XP level 2. HP: 24/27 MP: 1/1
   565 | D:1      | Found a faded altar of an unknown god.
   575 | D:1      | Prayed at the altar of an unknown god.
   575 | D:1      | Became a worshipper of Ashenzari the Shackled
   998 | D:1      | Reached XP level 3. HP: 33/33 MP: 2/2
  1148 | D:2      | Reached XP level 4. HP: 21/40 MP: 3/3
  1487 | D:2      | Reached skill level 1 in Dodging
  1912 | D:2      | You fall into a shaft and drop 1 floor!
  2340 | D:3      | Found a runed translucent gate.
  2340 | D:3      | Found a runed translucent gate.
  2340 | D:3      | Found a runed translucent gate.
  2340 | D:3      | Noticed pkoi's ghost (weakling DgWr)
  2342 | D:3      | Found a basalt altar of Yredelemnul.
  2379 | D:3      | Killed pkoi's ghost
  2380 | D:3      | Reached XP level 5. HP: 21/47 MP: 4/4
  3073 | D:4      | Reached skill level 5 in Armour
  3084 | D:4      | Reached skill level 5 in Fighting
  3088 | D:4      | Reached XP level 6. HP: 49/56 MP: 5/5
  3301 | D:4      | HP: 2/56 [ogre/+0 giant spiked club (25)]
  3303 | D:4      | Mangled by an ogre

Illustrated notes

Levels and vault maps discovered:
D:1:      ncdulo_smallfort, layout_basic, shapermc_ecumenical_altar_totnotflames
D:2:      layout_basic, minmay_misc_feat_ornament,
          minmay_randomly_rotated_circles
D:3:      layout_basic, nicolae_yredelemnul_ghost_church
D:4:      layout_cave_pools

Skill      XL: |  1  2  3  4  5 |
---------------+----------------+-----
Fighting       | 4 5 |  5.0
Shields        | 4 |  4.6
Armour         | 4 5 |  5.4
Long Blades    | 3 4 |  4.3
Dodging        | 1 |  1.3

Action                   |  1- 3 |  4- 6 || total
-------------------------+-------+-------++-------
Melee: Long sword        |    61 |   114 ||   175
       Headbutt          |     8 |    20 ||    28
Invok: Curse Item        |       |     1 ||     1
  Use: Scroll            |       |     1 ||     1
Armor: Scale mail        |    27 |    10 ||    37
       Chain mail        |       |    47 ||    47
Dodge: Dodged            |    17 |    66 ||    83
Block: Buckler           |    11 |    54 ||    65
